[Event "NOR-chT Eliteserien 2021-22"]
[Site "Norway"]
[Date "2022.03.05"]
[Round "8.29"]
[White "Sahl, Bjarke"]
[Black "Torngren, Gustav"]
[Result "1/2-1/2"]
[ECO "D31"]
[WhiteElo "2306"]
[BlackElo "2229"]
[Annotator "NA"]
[PlyCount "104"]
[EventDate "2021.10.29"]
[EventType "team-tourn"]
[EventCountry "NOR"]
[SourceTitle "playchess.com"]
[Source "ChessBase"]
[SourceQuality "1"]
[TimeControl "40/5400+30:1800+30"]

1. d4 d5 2. c4 e6 3. Nc3 a6 4. cxd5 exd5 5. Nf3 h6 6. Bf4 Nf6 7. e3 Bd6 8. Bxd6 Qxd6 9. Bd3 O-O 10. h3 Nbd7 11. O-O Re8 12. a3 c6 13. Qc2 Qe7 14. Rae1 Ne4 15. Bxe4 dxe4 16. Nd2 Nf6 17. f3 exf3 18. Nxf3 Ne4 19. Ne5 Nd6 20. e4 $11 Qg5 21. Qf2 Be6 22. Nf3 Qg6 23. Nh4 Qg5 24. Nf3 Qh5 25. Qg3 Rad8 26. Rf2 Qa5 27. Qf4 Rf8 28. d5 cxd5 29. exd5 Bc8 30. Nd2 b5 31. Ref1 Bb7 32. Qd4 Qc7 33. Rf4 f6 34. Nde4 Nxe4 35. Rxe4 Rd7 36. Rfe1 Rfd8 37. Re8+ Rxe8 38. Rxe8+ Kf7 39. Re2 Qd6 40. Kf2 Re7 41. Rxe7+ Kxe7 42. b4 Kd8 43. g3 Qe5 44. Qb6+ Kc8 45. Qc5+ Kd7 46. h4 Qf5+ 47. Ke3 Qe5+ 48. Kf2 h5 49. a4 Qf5+ 50. Ke3 Qe5+ 51. Kf2 Qf5+ 52. Ke3 Qe5+ 1/2-1/2

[Event "NOR-chT Eliteserien 2021-22"]
[Site "Norway"]
[Date "2022.03.05"]
[Round "8.30"]
[White "Nordquelle, Daniel"]
[Black "Aulin-Jansson, Joran"]
[Result "0-1"]
[ECO "C10"]
[WhiteElo "2130"]
[BlackElo "2214"]
[Annotator "NA"]
[PlyCount "66"]
[EventDate "2021.10.29"]
[EventType "team-tourn"]
[EventCountry "NOR"]
[SourceTitle "playchess.com"]
[Source "ChessBase"]
[SourceQuality "1"]
[TimeControl "40/5400+30:1800+30"]

1. e4 e6 2. d4 d5 3. Nd2 dxe4 4. Nxe4 Be7 5. Nf3 Nf6 6. Bd3 Nbd7 7. O-O Nxe4 8. Bxe4 Nf6 9. Bd3 c5 10. Bf4 O-O 11. c4 b6 12. Qe2 Bb7 13. Rfd1 Bd6 14. Be5 Qe7 15. Qe3 Rfd8 16. Qf4 cxd4 17. Nxd4 Bxe5 18. Qxe5 Rd7 19. Bc2 Rad8 20. Ba4 Ng4 21. Qf4 e5 22. Qxg4 Rxd4 23. Qg3 h5 24. Rxd4 Rxd4 25. Bd1 h4 26. Qc3 Qd6 27. Be2 Qg6 28. Bf3 Rd3 29. Bxb7 Rxc3 30. bxc3 Qd3 31. Bd5 Qxc3 32. Rd1 Qc2 33. Ra1 Qb2 0-1

[Event "NOR-chT Eliteserien 2021-22"]
[Site "Norway"]
[Date "2022.03.06"]
[Round "9.1"]
[White "Blomqvist, Erik"]
[Black "Risting, Eivind Olav"]
[Result "1-0"]
[ECO "B56"]
[WhiteElo "2536"]
[BlackElo "2311"]
[Annotator "ChessBase"]
[PlyCount "43"]
[EventDate "2021.10.29"]
[EventType "team-tourn"]
[EventCountry "NOR"]
[SourceTitle "playchess.com"]
[Source "ChessBase"]
[SourceQuality "1"]
[TimeControl "40/5400+30:1800+30"]

1. e4 c5 2. Nf3 d6 3. d4 cxd4 4. Nxd4 Nf6 5. Nc3 Bd7 6. h3 e6 7. g4 h6 8. Be3 Nc6 9. f4 Be7 10. Qe2 Nxd4 11. Bxd4 Qa5 12. O-O-O e5 13. Be3 Rc8 14. Kb1 Rxc3 15. Bd2 Rxc2 16. Bxa5 Rxe2 17. Bxe2 Nxe4 18. fxe5 dxe5 19. Rd5 Ng3 20. Rhd1 Bc6 21. Rxe5 Nxe2 22. Rd8# 1-0

[Event "NOR-chT Eliteserien 2021-22"]
[Site "Norway"]
[Date "2022.03.06"]
[Round "9.2"]
[White "Storme, Isak"]
[Black "Djurhuus, Rune"]
[Result "1-0"]
[ECO "B38"]
[WhiteElo "2352"]
[BlackElo "2403"]
[Annotator "NA"]
[PlyCount "95"]
[EventDate "2021.10.29"]
[EventType "team-tourn"]
[EventCountry "NOR"]
[SourceTitle "playchess.com"]
[Source "ChessBase"]
[SourceQuality "1"]
[TimeControl "40/5400+30:1800+30"]

1. Nf3 Nf6 2. c4 c5 3. Nc3 g6 4. d4 cxd4 5. Nxd4 Nc6 6. e4 Bg7 7. Be3 d6 8. Be2 O-O 9. O-O Nxd4 10. Bxd4 Bd7 11. h3 Bc6 12. Qc2 e6 13. Rad1 Qc7 14. Rd2 a6 15. Rfd1 Rfd8 16. Be3 h6 17. Bf4 e5 18. Be3 Rac8 19. Qb3 Qe7 20. Bd3 Nd7 21. Be2 Nc5 22. Bxc5 dxc5 23. Nd5 Bxd5 24. Rxd5 Rxd5 25. Rxd5 h5 26. g3 h4 27. gxh4 Qxh4 28. Qxb7 Qxh3 29. Qxa6 Rb8 30. b3 Bh6 31. Rd3 Qh4 32. Qd6 Ra8 33. a4 Bf4 34. Bf3 Kg7 35. Kf1 Qg5 36. Qxc5 Bc1 37. a5 Bb2 38. b4 Qc1+ 39. Rd1 Qf4 40. Qe3 Qf6 41. Qb3 Rh8 42. Qxb2 Qxf3 43. Qxe5+ Kh7 44. Rd6 Qb3 45. Kg2 Qxb4 46. Rd1 Qxc4 47. Rh1+ Kg8 48. Rxh8# 1-0

[Event "NOR-chT Eliteserien 2021-22"]
[Site "Norway"]
[Date "2022.03.06"]
[Round "9.3"]
[White "Sjoberg, Isak"]
[Black "Lindbol, Aleksander"]
[Result "0-1"]
[ECO "B15"]
[WhiteElo "2322"]
[BlackElo "2222"]
[Annotator "ChessBase"]
[PlyCount "80"]
[EventDate "2021.10.29"]
[EventType "team-tourn"]
[EventCountry "NOR"]
[SourceTitle "playchess.com"]
[Source "ChessBase"]
[SourceQuality "1"]
[TimeControl "40/5400+30:1800+30"]

1. e4 c6 2. d4 d5 3. Nc3 dxe4 4. Nxe4 Nf6 5. Nxf6+ exf6 6. c3 Bd6 7. Bd3 O-O 8. Qc2 Re8+ 9. Ne2 h5 10. O-O h4 11. Bf4 Na6 12. Rfe1 Nc7 13. h3 Nd5 14. Bxd6 Qxd6 15. Ng3 Be6 16. Ne4 Qc7 17. Nc5 Nf4 18. Bh7+ Kh8 19. Bf5 Bd5 20. Be4 b6 21. Na6 Qe7 22. Bxd5 Qxe1+ 23. Rxe1 Rxe1+ 24. Kh2 Nxd5 25. c4 Ne7 26. Qd2 Ra1 27. Qe2 Ng6 28. Nb4 c5 29. dxc5 bxc5 30. Qh5+ Kg8 31. Qxc5 Re8 32. Nd3 Rd1 33. Qa3 Rd8 34. Nb4 R8d2 35. Qf3 Rf1 36. Nd3 Rdd1 37. g3 hxg3+ 38. Kxg3 Rg1+ 39. Kh2 f5 40. b3 Nh4 0-1

[Event "NOR-chT Eliteserien 2021-22"]
[Site "Norway"]
[Date "2022.03.06"]
[Round "9.4"]
[White "Kjolberg, Jens Hjorth"]
[Black "Tryggestad, Andreas Garberg"]
[Result "1-0"]
[ECO "C02"]
[WhiteElo "2154"]
[BlackElo "2273"]
[Annotator "NA"]
[PlyCount "71"]
[EventDate "2021.10.29"]
[EventType "team-tourn"]
[EventCountry "NOR"]
[SourceTitle "playchess.com"]
[Source "ChessBase"]
[SourceQuality "1"]
[TimeControl "40/5400+30:1800+30"]

1. e4 c5 2. Nf3 e6 3. c3 d5 4. e5 Nc6 5. d4 Qb6 6. Bd3 cxd4 7. O-O Bd7 8. Re1 dxc3 9. bxc3 Bc5 10. Qe2 Nge7 11. Nbd2 Nf5 12. Nb3 Be7 13. Rb1 Qc7 14. Bf4 Qc8 15. g4 Nh6 16. h3 Ng8 17. c4 dxc4 18. Bxc4 Bb4 19. Red1 Nge7 20. Qd3 Nd5 21. Bxd5 exd5 22. Nbd4 Be7 23. Nf5 O-O 24. Rdc1 Bxf5 25. gxf5 Qd7 26. Kh2 Kh8 27. Rg1 Rg8 28. Rg4 Rac8 29. a3 d4 30. Rbg1 Qd5 31. f6 g6 32. fxe7 Nxe7 33. Bg5 Rc3 34. Bf6+ Rg7 35. Qxd4 Qxf3 36. R4g3 1-0

[Event "NOR-chT Eliteserien 2021-22"]
[Site "Norway"]
[Date "2022.03.06"]
[Round "9.5"]
[White "Torngren, Gustav"]
[Black "Dahl, Max"]
[Result "1/2-1/2"]
[ECO "E09"]
[WhiteElo "2229"]
[BlackElo "2038"]
[Annotator "ChessBase"]
[PlyCount "39"]
[EventDate "2021.10.29"]
[EventType "team-tourn"]
[EventCountry "NOR"]
[SourceTitle "playchess.com"]
[Source "ChessBase"]
[SourceQuality "1"]
[TimeControl "40/5400+30:1800+30"]

1. Nf3 d5 2. d4 Nf6 3. c4 e6 4. g3 Be7 5. Qc2 O-O 6. Bg2 c6 7. O-O b6 8. b3 Nbd7 9. Bb2 Bb7 10. Nc3 Rc8 11. e4 dxe4 12. Nxe4 Nxe4 13. Qxe4 Nf6 14. Qe2 c5 15. Rad1 cxd4 16. Nxd4 Bxg2 17. Kxg2 Qc7 18. Nb5 Qb7+ 19. Qf3 Qxf3+ 20. Kxf3 1/2-1/2

[Event "NOR-chT Eliteserien 2021-22"]
[Site "Norway"]
[Date "2022.03.06"]
[Round "9.6"]
[White "Loveid, Erik"]
[Black "Nordquelle, Daniel"]
[Result "0-1"]
[ECO "D31"]
[WhiteElo "1817"]
[BlackElo "2130"]
[Annotator "NA"]
[PlyCount "76"]
[EventDate "2021.10.29"]
[EventType "team-tourn"]
[EventCountry "NOR"]
[SourceTitle "playchess.com"]
[Source "ChessBase"]
[SourceQuality "1"]
[TimeControl "40/5400+30:1800+30"]

1. d4 d5 2. c4 e6 3. Nf3 Bb4+ 4. Nc3 dxc4 5. Qa4+ Nc6 6. a3 Bxc3+ 7. bxc3 Qd5 8. Bf4 b5 9. Qc2 Bb7 10. Bxc7 Nf6 11. e3 O-O 12. Be2 Rfc8 13. Bg3 Na5 14. O-O Nb3 15. Ra2 Ne4 16. Rd1 a5 17. Ne1 Qf5 18. f3 Nxg3 19. hxg3 Qg5 20. Kf2 e5 21. f4 exf4 22. exf4 Qe7 23. Bf3 b4 24. axb4 axb4 25. Rxa8 Bxa8 26. Qf5 Re8 27. Qe5 Qd7 28. Bg4 Rxe5 29. Bxd7 Rd5 30. Bg4 bxc3 31. Nc2 Ra5 32. Ke3 Ra2 33. Nb4 Rxg2 34. d5 Rxg3+ 35. Bf3 Nd2 36. d6 Rxf3+ 37. Kd4 Rxf4+ 38. Kxc3 Ne4+ 0-1

[Event "NOR-chT Eliteserien 2021-22"]
[Site "Norway"]
[Date "2022.03.06"]
[Round "9.7"]
[White "Sagafos, Magne"]
[Black "Miezis, Normunds"]
[Result "0-1"]
[ECO "D02"]
[WhiteElo "2386"]
[BlackElo "2445"]
[Annotator "ChessBase"]
[PlyCount "26"]
[EventDate "2021.10.29"]
[EventType "team-tourn"]
[EventCountry "NOR"]
[SourceTitle "playchess.com"]
[Source "ChessBase"]
[SourceQuality "1"]
[TimeControl "40/5400+30:1800+30"]

1. d4 Nf6 2. Nf3 e6 3. Bf4 d5 4. e3 Bd6 5. Bg3 Ne4 6. Nbd2 f5 7. Nxe4 fxe4 8. Ne5 O-O 9. f3 Nc6 10. fxe4 Bxe5 11. dxe5 dxe4 12. Qd3 Qd7 13. Qxd7 Rd8 0-1

[Event "NOR-chT Eliteserien 2021-22"]
[Site "Norway"]
[Date "2022.03.06"]
[Round "9.8"]
[White "Ostenstad, Berge"]
[Black "Byklum, Bjornar"]
[Result "1-0"]
[ECO "E35"]
[WhiteElo "2455"]
[BlackElo "2318"]
[Annotator "ChessBase"]
[PlyCount "84"]
[EventDate "2021.10.29"]
[EventType "team-tourn"]
[EventCountry "NOR"]
[SourceTitle "playchess.com"]
[Source "ChessBase"]
[SourceQuality "1"]
[TimeControl "40/5400+30:1800+30"]

1. d4 Nf6 2. c4 e6 3. Nc3 Bb4 4. Qc2 d5 5. cxd5 exd5 6. Bg5 h6 7. Bxf6 Qxf6 8. a3 Bxc3+ 9. Qxc3 c6 10. e3 O-O 11. Nf3 Re8 12. b4 a6 13. Be2 Bg4 14. O-O Bxf3 15. Bxf3 Nd7 16. Rfc1 Nb6 17. a4 Qe6 18. Be2 Rec8 19. g3 g6 20. Qb3 h5 21. h4 Kg7 22. Rc2 Qf5 23. Kg2 Qe4+ 24. Bf3 Qf5 25. Re1 Qd7 26. Be2 Qf5 27. Bd3 Qf6 28. Rec1 Rh8 29. b5 cxb5 30. axb5 a5 31. Rc7 Rab8 32. Qa3 a4 33. Qb4 Rhe8 34. Be2 Re6 35. Bf3 Qf5 36. Be2 Qe4+ 37. Kg1 g5 38. Bxh5 Rf8 39. hxg5 Qf5 40. Re7 Qxg5 41. Rxe6 fxe6 42. Rc7+ Kg8 1-0

[Event "NOR-chT Eliteserien 2021-22"]
[Site "Norway"]
[Date "2022.03.06"]
[Round "9.9"]
[White "Leer-Helgesen, Bjarte"]
[Black "Haubro, Martin"]
[Result "1/2-1/2"]
[ECO "A25"]
[WhiteElo "2352"]
[BlackElo "2399"]
[Annotator "ChessBase"]
[PlyCount "89"]
[EventDate "2021.10.29"]
[EventType "team-tourn"]
[EventCountry "NOR"]
[SourceTitle "playchess.com"]
[Source "ChessBase"]
[SourceQuality "1"]
[TimeControl "40/5400+30:1800+30"]

1. c4 e5 2. g3 Nc6 3. Bg2 Bc5 4. Nc3 a6 5. e3 d6 6. Nge2 Ba7 7. d4 h5 8. b4 h4 9. b5 axb5 10. cxb5 Nce7 11. dxe5 h3 12. Bf3 dxe5 13. Qxd8+ Kxd8 14. O-O Bb6 15. a4 c6 16. Rd1+ Ke8 17. bxc6 bxc6 18. Ba3 Bc7 19. Nb5 Bb8 20. Bd6 f5 21. Bxb8 Rxb8 22. Nd6+ Kf8 23. e4 g6 24. Nxc8 Rxc8 25. a5 Nf6 26. Nc3 Kf7 27. a6 Rc7 28. Ra5 Ra8 29. Be2 fxe4 30. Rxe5 Ned5 31. Bc4 Kg7 32. Na4 Rb8 33. Nc5 Ra7 34. Rc1 e3 35. fxe3 Rb2 36. Ne6+ Kh6 37. Bf1 Ng4 38. Re4 Ndf6 39. Rf4 g5 40. Rf5 Rxa6 41. Nxg5 Kg6 42. Nxh3 Kxf5 43. Bxa6 Nxh2 44. Nf2 Nf3+ 45. Kg2 1/2-1/2

[Event "NOR-chT Eliteserien 2021-22"]
[Site "Norway"]
[Date "2022.03.06"]
[Round "9.10"]
[White "Tisdall, Jonathan D"]
[Black "Astrup, Kim Chr."]
[Result "1/2-1/2"]
[ECO "D31"]
[WhiteElo "2414"]
[BlackElo "2224"]
[Annotator "NA"]
[PlyCount "46"]
[EventDate "2021.10.29"]
[EventType "team-tourn"]
[EventCountry "NOR"]
[SourceTitle "playchess.com"]
[Source "ChessBase"]
[SourceQuality "1"]
[TimeControl "40/5400+30:1800+30"]

1. c4 e6 2. Nc3 d5 3. cxd5 exd5 4. d4 c6 5. Bf4 Bf5 6. e3 Nf6 7. Bd3 Bxd3 8. Qxd3 Bd6 9. Bg5 O-O 10. Nf3 Nbd7 11. O-O h6 12. Bh4 Re8 13. Nd2 Qc7 14. Bg3 Bxg3 15. hxg3 Re6 16. b4 Qd6 17. Rab1 b5 18. a4 a6 19. e4 dxe4 20. Ndxe4 Nxe4 21. Nxe4 Qe7 22. Nc5 Nxc5 23. dxc5 Rd8 1/2-1/2

[Event "NOR-chT Eliteserien 2021-22"]
[Site "Norway"]
[Date "2022.03.06"]
[Round "9.11"]
[White "Harestad, Hans Krogh"]
[Black "Sahl, Bjarke"]
[Result "1/2-1/2"]
[ECO "D15"]
[WhiteElo "2208"]
[BlackElo "2306"]
[Annotator "ChessBase"]
[PlyCount "84"]
[EventDate "2021.10.29"]
[EventType "team-tourn"]
[EventCountry "NOR"]
[SourceTitle "playchess.com"]
[Source "ChessBase"]
[SourceQuality "1"]
[TimeControl "40/5400+30:1800+30"]

1. d4 d5 2. c4 c6 3. Nf3 Nf6 4. Nc3 a6 5. e3 b5 6. c5 Nbd7 7. a3 g6 8. Be2 Bg7 9. O-O O-O 10. b4 Ne4 11. Nxe4 dxe4 12. Nd2 Nf6 13. Qc2 Bf5 14. a4 h5 15. Bb2 Qd7 16. Ra3 Rad8 17. Rfa1 Nd5 18. axb5 axb5 19. Nxe4 Qe6 20. f3 Bh6 21. Bc1 Nxb4 22. Qb3 Qxb3 23. Rxb3 Ra8 24. Rxa8 Rxa8 25. Rxb4 Ra1 26. Kf2 Rxc1 27. Bd3 Ra1 28. Rb2 Ra3 29. Ke2 Be6 30. f4 Bd5 31. g3 f5 32. Nd2 Kf7 33. Bc2 Bg7 34. Bb3 Ke6 35. Kd3 Bf6 36. h4 Bxb3 37. Rxb3 Ra2 38. Kc3 Kd5 39. Rb1 e6 40. Rb2 Rxb2 41. Kxb2 Bd8 42. Kc2 Ba5 1/2-1/2

[Event "NOR-chT Eliteserien 2021-22"]
[Site "Norway"]
[Date "2022.03.06"]
[Round "9.12"]
[White "Aulin-Jansson, Joran"]
[Black "Grebstad, Kjell Borre"]
[Result "1/2-1/2"]
[ECO "A14"]
[WhiteElo "2214"]
[BlackElo "2064"]
[Annotator "NA"]
[PlyCount "81"]
[EventDate "2021.10.29"]
[EventType "team-tourn"]
[EventCountry "NOR"]
[SourceTitle "playchess.com"]
[Source "ChessBase"]
[SourceQuality "1"]
[TimeControl "40/5400+30:1800+30"]

1. Nf3 d5 2. c4 e6 3. g3 Nf6 4. Bg2 Be7 5. O-O O-O 6. b3 c5 7. cxd5 Nxd5 8. Bb2 Nc6 9. Nc3 Bf6 10. Qc1 b6 11. Nxd5 exd5 12. Bxf6 Qxf6 13. Re1 Be6 14. d3 h6 15. Qf4 Qxf4 16. gxf4 Rac8 17. Red1 Rfd8 18. Rac1 d4 19. Rd2 Nb4 20. Ne5 Bd5 21. Bh3 Rc7 22. e4 dxe3 23. fxe3 f6 24. Ng4 Re7 25. Re1 Bb7 26. Nf2 Nd5 27. Bg2 Nb4 28. Bxb7 Rxb7 29. Kg2 Rbd7 30. Red1 Kf7 31. Kf3 g5 32. a3 Nc6 33. fxg5 hxg5 34. h3 Ke6 35. Ke2 Rh8 36. Rc1 Ne7 37. b4 cxb4 38. axb4 Rh4 39. d4 f5 40. b5 Rh8 41. Rg1 1/2-1/2

[Event "NOR-chT Eliteserien 2021-22"]
[Site "Norway"]
[Date "2022.03.06"]
[Round "9.14"]
[White "Romanov, Evgeny"]
[Black "Vestby-Ellingsen, Mads"]
[Result "1-0"]
[ECO "C50"]
[WhiteElo "2561"]
[BlackElo "2368"]
[Annotator "ChessBase"]
[PlyCount "59"]
[EventDate "2021.10.29"]
[EventType "team-tourn"]
[EventCountry "NOR"]
[SourceTitle "playchess.com"]
[Source "ChessBase"]
[SourceQuality "1"]
[TimeControl "40/5400+30:1800+30"]

1. e4 e5 2. Nf3 Nc6 3. Bc4 Bc5 4. d3 Nf6 5. Nc3 d6 6. Bg5 h6 7. Bxf6 Qxf6 8. Nd5 Qd8 9. c3 a6 10. d4 Ba7 11. h3 O-O 12. O-O Kh8 13. Re1 f5 14. exf5 Bxf5 15. Bd3 exd4 16. c4 Bxd3 17. Qxd3 Rf7 18. g3 Qd7 19. Nh4 g5 20. Ng6+ Kg7 21. g4 Re8 22. f4 gxf4 23. Ngxf4 Ne5 24. Rxe5 Rxe5 25. Qg6+ Kh8 26. Qxh6+ Kg8 27. Ng6 d3+ 28. Kh1 Rh5 29. Qxh5 Bd4 30. Qg5 1-0

[Event "NOR-chT Eliteserien 2021-22"]
[Site "Norway"]
[Date "2022.03.06"]
[Round "9.16"]
[White "Holm, Kristian Stuvik"]
[Black "Royset, Pal"]
[Result "1/2-1/2"]
[ECO "A44"]
[WhiteElo "2464"]
[BlackElo "2146"]
[Annotator "ChessBase"]
[PlyCount "63"]
[EventDate "2021.10.29"]
[EventType "team-tourn"]
[EventCountry "NOR"]
[SourceTitle "playchess.com"]
[Source "ChessBase"]
[SourceQuality "1"]
[TimeControl "40/5400+30:1800+30"]

1. d4 c5 2. d5 e5 3. e4 d6 4. Nc3 Nf6 5. h3 a6 6. a4 Nbd7 7. g4 Be7 8. Nge2 Nf8 9. Ng3 Ng6 10. Nf5 O-O 11. h4 Re8 12. Qf3 Nf4 13. Bxf4 exf4 14. Qxf4 Bxf5 15. Qxf5 Qa5 16. Be2 Qb4 17. Rb1 Bd8 18. Kf1 g6 19. Qf4 Nxe4 20. Bd3 Nf6 21. Qxb4 cxb4 22. g5 bxc3 23. gxf6 Bxf6 24. bxc3 Bxc3 25. Rxb7 Re1+ 26. Kg2 Rxh1 27. Kxh1 a5 28. Kg2 h5 29. Bb5 Bd4 30. Rd7 Bc5 31. Kf3 Ra7 32. Rxa7 1/2-1/2

[Event "NOR-chT Eliteserien 2021-22"]
[Site "Norway"]
[Date "2022.03.06"]
[Round "9.20"]
[White "Bern, Ivar"]
[Black "Galchenko, Matvey"]
[Result "1/2-1/2"]
[ECO "A36"]
[WhiteElo "2312"]
[BlackElo "2443"]
[Annotator "NA"]
[PlyCount "97"]
[EventDate "2021.10.29"]
[EventType "team-tourn"]
[EventCountry "NOR"]
[SourceTitle "playchess.com"]
[Source "ChessBase"]
[SourceQuality "1"]
[TimeControl "40/5400+30:1800+30"]

1. c4 c5 2. g3 g6 3. Bg2 Bg7 4. Nc3 Nc6 5. a3 d6 6. Rb1 a5 $11 7. d3 e5 8. Nd5 Be6 9. e3 Nge7 10. Ne2 O-O 11. Nec3 Rb8 12. O-O b6 13. Bd2 Qd7 14. b4 axb4 15. axb4 cxb4 16. Nxe7+ Nxe7 17. Nd5 b5 18. Bxb4 Nf5 19. Qd2 Rfc8 20. Ba5 bxc4 21. Nb6 Rxb6 22. Rxb6 cxd3 23. Bb7 Rc5 24. Bb4 Rc7 25. Be4 h5 26. Bxd3 d5 27. Bb5 Qc8 28. Ba6 Qa8 29. Rc1 Rxc1+ 30. Qxc1 d4 31. Bb7 Qa2 32. e4 Bh6 33. Qe1 Ne3 34. Ra6 Qb2 35. Rxe6 Nc2 36. Re8+ Kh7 37. Qe2 Qb1+ 38. Kg2 Nxb4 39. Qf3 Bf4 40. gxf4 Nc2 41. Kh3 Ne1 42. Qa3 Qb5 43. Rh8+ Kxh8 44. Qf8+ Kh7 45. Qxf7+ Kh8 46. Qf8+ Kh7 47. Qe7+ Kh6 48. Qg5+ Kh7 49. Qe7+ 1/2-1/2

[Event "NOR-chT Eliteserien 2021-22"]
[Site "Norway"]
[Date "2022.03.06"]
[Round "9.21"]
[White "Mikalsen, Erlend"]
[Black "Gullaksen, Eirik"]
[Result "0-1"]
[ECO "B32"]
[WhiteElo "2368"]
[BlackElo "2349"]
[Annotator "NA"]
[PlyCount "94"]
[EventDate "2021.10.29"]
[EventType "team-tourn"]
[EventCountry "NOR"]
[SourceTitle "playchess.com"]
[Source "ChessBase"]
[SourceQuality "1"]
[TimeControl "40/5400+30:1800+30"]

1. e4 c5 2. Nf3 Nc6 3. d4 cxd4 4. Nxd4 e5 5. Nb5 d6 6. g3 Be7 7. Bg2 a6 8. N5c3 Nf6 9. Nd5 Nxd5 10. exd5 Nd4 11. O-O O-O 12. c3 Nf5 13. a4 Bd7 14. a5 b6 15. axb6 Qxb6 16. Na3 Rfc8 17. Re1 a5 18. Bf1 a4 19. Nc2 Bd8 20. Bg2 h6 21. Qd3 Ne7 22. Nb4 Qb5 23. Qxb5 Bxb5 24. f4 f6 25. fxe5 fxe5 26. Bh3 Rcb8 27. Be6+ Kh8 28. Re4 Ba5 29. Bd2 Rf8 30. c4 Bb6+ 31. Kh1 Be8 32. Re2 Nf5 33. Bxf5 Rxf5 34. g4 Rf8 35. Kg2 Bg6 36. Rc1 a3 37. bxa3 Rxa3 38. Be1 Ra4 39. h3 Bc5 40. Ra2 Rxb4 41. Bxb4 Be4+ 42. Kh2 Bxb4 43. Re2 Bd3 44. Rg2 e4 45. g5 hxg5 46. Rxg5 Bd2 47. Rh5+ Kg8 0-1

[Event "NOR-chT Eliteserien 2021-22"]
[Site "Norway"]
[Date "2022.03.06"]
[Round "9.22"]
[White "Gabrielsen, Stig"]
[Black "Flermoen, Peter"]
[Result "0-1"]
[ECO "B38"]
[WhiteElo "2269"]
[BlackElo "2297"]
[Annotator "NA"]
[PlyCount "78"]
[EventDate "2021.10.29"]
[EventType "team-tourn"]
[EventCountry "NOR"]
[SourceTitle "playchess.com"]
[Source "ChessBase"]
[SourceQuality "1"]
[TimeControl "40/5400+30:1800+30"]

1. e4 c5 2. Nf3 g6 3. d4 cxd4 4. Nxd4 Bg7 5. c4 Nc6 6. Be3 d6 7. Nc3 Nf6 8. Be2 O-O 9. O-O Nxd4 10. Bxd4 Bd7 11. h3 Bc6 12. Qc2 a5 13. Rad1 Nd7 14. Bxg7 Kxg7 15. Bg4 Ne5 16. c5 Nxg4 17. hxg4 Qc8 18. cxd6 Qxg4 19. dxe7 Rfe8 20. Nd5 Bxd5 21. Qc3+ Kg8 22. exd5 Rxe7 23. d6 Rd7 24. Rfe1 Qa4 25. Qf6 Rad8 26. Rd4 Qc6 27. Re7 Qc1+ 28. Kh2 Qh6+ 29. Kg3 Qg7 30. Qf4 g5 31. Qe4 Qf6 32. Rd5 Rxd6 33. Rf5 Rd3+ 34. f3 Qd6+ 35. Qe5 Qxe5+ 36. Rfxe5 R8d5 37. Rxd5 Rxd5 38. Rxb7 h5 39. b3 Kg7 0-1

[Event "NOR-chT Eliteserien 2021-22"]
[Site "Norway"]
[Date "2022.03.06"]
[Round "9.23"]
[White "Nielsen, Andre"]
[Black "Demac, Elias"]
[Result "0-1"]
[ECO "C55"]
[WhiteElo "2219"]
[BlackElo "2206"]
[Annotator "ChessBase"]
[PlyCount "84"]
[EventDate "2021.10.29"]
[EventType "team-tourn"]
[EventCountry "NOR"]
[SourceTitle "playchess.com"]
[Source "ChessBase"]
[SourceQuality "1"]
[TimeControl "40/5400+30:1800+30"]

1. e4 e5 2. Nf3 Nc6 3. Bc4 Nf6 4. d3 h6 5. c3 d6 6. Nbd2 g5 7. O-O Bg7 8. Bb3 O-O 9. Nc4 Be6 10. Re1 Re8 11. Ne3 d5 12. Ba4 dxe4 13. Bxc6 bxc6 14. Nxe5 exd3 15. Qxd3 Qxd3 16. Nxd3 Ne4 17. f3 Nd6 18. Kf2 f5 19. Nc5 Bf7 20. Nc2 Rxe1 21. Nxe1 Rd8 22. Nc2 Nc4 23. Ke2 Be5 24. Ne3 Nxe3 25. Bxe3 Bc4+ 26. Ke1 Bxh2 27. Kf2 Be5 28. b3 f4 29. Bd4 Rxd4 30. cxd4 Bxd4+ 31. Ke1 Bxa1 32. bxc4 Kf7 33. Ke2 Kf6 34. Na6 Be5 35. Nb8 c5 36. Nd7+ Kf5 37. Nxc5 g4 38. fxg4+ Kxg4 39. Ne4 h5 40. Kf2 h4 41. Ke2 Bd4 42. Kd3 Be5 0-1

[Event "NOR-chT Eliteserien 2021-22"]
[Site "Norway"]
[Date "2022.03.06"]
[Round "9.24"]
[White "Mansoor, Afras"]
[Black "Solberg, Joachim"]
[Result "1-0"]
[ECO "D10"]
[WhiteElo "2003"]
[BlackElo "2216"]
[Annotator "ChessBase"]
[PlyCount "84"]
[EventDate "2021.10.29"]
[EventType "team-tourn"]
[EventCountry "NOR"]
[SourceTitle "playchess.com"]
[Source "ChessBase"]
[SourceQuality "1"]
[TimeControl "40/5400+30:1800+30"]

1. d4 d5 2. c4 c6 3. Nc3 e5 4. dxe5 d4 5. Ne4 Qa5+ 6. Bd2 Qxe5 7. Ng3 Nf6 8. Nf3 Qd6 9. Qc2 Be7 10. O-O-O c5 11. e3 dxe3 12. Bxe3 Qa6 13. Nf5 Bxf5 14. Qxf5 O-O 15. a3 Nc6 16. Bd3 Rad8 17. g4 Qb6 18. Bg5 g6 19. Qf4 Nd4 20. h4 Ne6 21. Qg3 Qb3 22. Ne5 Nd4 23. Qh3 Rfe8 24. h5 Ne4 25. Be3 Nxf2 26. Bxf2 Bg5+ 27. Kb1 Rxe5 28. hxg6 h6 29. gxf7+ Kf8 30. Bh4 Bxh4 31. Qxh4 Rd6 32. Qg3 Rde6 33. Rd2 Nf3 34. Qxf3 Re1+ 35. Rd1 R6e3 36. Bc2 Rxf3 37. Bxb3 Rxh1 38. Rxh1 Rxb3 39. Rxh6 Rg3 40. Rh8+ Kxf7 41. Rh7+ Ke6 42. Rxb7 Rxg4 1-0

[Event "NOR-chT Eliteserien 2021-22"]
[Site "Norway"]
[Date "2022.03.06"]
[Round "9.26"]
[White "Shehzad, Shazil"]
[Black "Urkedal, Frode Olav Olsen"]
[Result "1/2-1/2"]
[ECO "B90"]
[WhiteElo "2182"]
[BlackElo "2549"]
[Annotator "ChessBase"]
[PlyCount "89"]
[EventDate "2021.10.29"]
[EventType "team-tourn"]
[EventCountry "NOR"]
[SourceTitle "playchess.com"]
[Source "ChessBase"]
[SourceQuality "1"]
[TimeControl "40/5400+30:1800+30"]

1. e4 c5 2. Nf3 d6 3. d4 cxd4 4. Nxd4 Nf6 5. Nc3 a6 6. f3 e5 7. Nb3 h5 8. Bg5 Be7 9. Qd2 Be6 10. O-O-O Nbd7 11. h4 Qc7 12. Nd5 Bxd5 13. exd5 Nb6 14. Bxf6 Bxf6 15. Kb1 Rc8 16. Bd3 Nc4 17. Bxc4 Qxc4 18. Rde1 Qb5 19. Re4 Rc4 20. Qd3 Rxe4 21. Qxe4 O-O 22. g4 Rc8 23. Nd2 Qc5 24. gxh5 Qf2 25. Nc4 Qg2 26. Rc1 Rd8 27. h6 g6 28. h5 Bg5 29. Re1 gxh5 30. h7+ Kh8 31. Qf5 Qg3 32. Rh1 b5 33. Na5 h4 34. Nb7 Rf8 35. Nxd6 Qf4 36. Qxf4 exf4 37. Ne4 Bd8 38. b3 b4 39. a3 a5 40. axb4 axb4 41. c4 bxc3 42. Kc2 Kxh7 43. Kxc3 Rg8 44. d6 Rg3 45. Kd4 1/2-1/2